 Dungeon Sprint DCSS version 0.28-a0-407-g69098e2f6d (webtiles) character file.

Game seed: 13040613325090714119

1303 dolemite99 the Severer (level 8, 64/64 HPs)
             Began as a Minotaur Fighter on Sept 5, 2021.
             Quit the game in the Dungeon (Sprint V: "Ziggurat Sprint").
             The game lasted 00:05:06 (680 turns).

dolemite99 the Severer (Minotaur Fighter)            Turns: 680, Time: 00:05:07

Health: 64/64      AC: 18    Str: 24    XL:     8   Next: 31%
Magic:  7/7        EV: -3    Int:  5    God:
Gold:   0          SH: 26    Dex: 11    Spells: 7/7 levels left

rFire   + . .      SeeInvis .   m - +5 broad axe
rCold   + . .      Faith    .   Q - +18 shield of the Gong {rElec rN+ Will+ EV-5}
rNeg    + . .      Spirit   +   q - +5 gold dragon scales
rPois   +          Reflect  .   (helmet restricted)
rElec   +          Harm     .   (no cloak)
rCorr   .          Rampage  .   (no gloves)
Will    +....      NoTele   +   (no boots)
Stlth   ..........              D - amulet of Ajoep {Spirit Dex+2 Slay+4}
HPRegen 0.20/turn               (no ring)
MPRegen 0.10/turn               (no ring)

@: no status effects
A: horns 2, retaliatory headbutt
a: no special abilities


You were in the Dungeon.
You visited 1 branch

Inventory:

Hand Weapons
 a - a +0 war axe
 k - a +5 demon trident
 l - a +5 battleaxe
 m - a +5 broad axe (weapon)
 n - a +5 executioner's axe
 I - a +5 fustibalus
 J - a +5 hand crossbow
 K - a +5 hunting sling
 L - a +5 longbow
 M - a +5 shortbow
 N - a +5 triple crossbow
 P - the +14 obsidian axe {vorpal, Mesm Drain Fly SInv}
   (You found it in the Dungeon)

   It inflicts extra damage upon your enemies.
   It occasionally summons demons to assist the wielder when it strikes in
   combat.
   Its wielder is mesmerised by any visible foes.
   It cannot be unequipped while any foes are visible.
   SInv:      It lets you see invisible.
   Fly:       It grants you flight.
   Drain:     It drains your maximum health when unequipped.
 R - the +8 lance "Wyrmbane" {slay drac, rPois rF+ rC+ AC+3}
   (You found it in the Dungeon)

   It inflicts extra damage against dragons and draconians.
   AC:        It affects your AC (+3).
   rF:        It protects you from fire.
   rC:        It protects you from cold.
   rPois:     It protects you from poison.
Missiles
 A - 1000 arrows
 B - 1000 bolts
 C - 999 sling bullets
Armour
 o - a +3 kite shield
 p - a +3 tower shield
 q - +5 gold dragon scales (worn)
 O - +5 storm dragon scales
 Q - the +18 shield of the Gong (worn) {rElec rN+ Will+ EV-5}
   (You found it in the Dungeon)

   It is deafeningly noisy when blocking attacks.
   EV:        It affects your evasion (-5).
   rElec:     It insulates you from electricity.
   rN:        It protects you from negative energy.
   Will:      It increases your willpower.
Jewellery
 D - the amulet of Ajoep (around neck) {Spirit Dex+2 Slay+4}
   (You found it in the Dungeon)

   [amulet of guardian spirit]

   It causes incoming damage to be divided between your reserves of health and
   magic.
   Dex:       It affects your dexterity (+2).
   Slay:      It affects your accuracy & damage with ranged weapons and melee
   (+4).
 E - a +6 ring of intelligence
 F - a +6 ring of strength
 G - a +6 ring of strength
Wands
 x - a wand of mindburst (7)
 y - a wand of iceblast (7)
 z - a wand of acid (7)
Scrolls
 b - 4 scrolls of amnesia
 c - 7 scrolls of fog
 j - 4 scrolls of blinking
 r - a scroll of holy word
 s - 5 scrolls of identify {@r1}
 t - 2 scrolls of fear
Potions
 d - 8 potions of might
 e - 10 potions of curing
 f - 10 potions of heal wounds
 g - 6 potions of haste
 h - 7 potions of magic
 i - 2 potions of berserk rage
 u - 2 potions of brilliance
 v - 2 potions of invisibility
 w - 3 potions of resistance
Miscellaneous
 H - a lightning rod (4/4)


   Skills:
 - Level 3.6 Fighting
 - Level 19.3 Axes
 + Level 6.1 Slings
 - Level 3.6 Armour
 - Level 3.6 Shields


You had 7 spell levels left.
You didn't know any spells.
Your spell library contained the following spells:

 Spells                   Type           Power      Damage    Failure   Level
 Sublimation of Blood     Necr           0%         N/A       100%        2
 Petrify                  Tmut/Erth      0%         N/A       100%        4
 Irradiate                Conj/Tmut      0%         3d14      100%        5


Dungeon Overview and Level Annotations

Branches:
Dungeon (1/1)

Altars:
Ashenzari
Cheibriados
Dithmenos
Elyvilon
Fedhas
Gozag
Hepliaklqana
Kikubaaqudgha
Makhleb
Nemelex Xobeh
Okawaru
Qazlal
Ru
Sif Muna
Trog
Uskayaw
Vehumet
Wu Jian
Xom
Yredelemnul
Zin
The Shining One
Beogh
Jiyva
Lugonu

Annotations:
D 1 transporter


Innate Abilities, Weirdness & Mutations

You have a pair of horns on your head.
You reflexively headbutt those who attack you in melee.


Message History

BOUMMMMG!
You block the tarantella's attack.
GONNNNG!
The scorpion stings you but does no damage.
You slice the tarantella!!
You kill the tarantella!
You barely miss the scorpion. You block the scorpion's attack.
GONNNNG!
Your Slings skill gained 3 levels and is now at level 5!
You block the scorpion's attack.
PTOANNNG!
You see here a tarantella corpse.
You slash the scorpion!
The scorpion is severely wounded.
You block the scorpion's attack.
GONNNNG!
You hit the scorpion.
The scorpion is severely wounded.
You block the scorpion's attack.
GONNNNG!
You slice the scorpion!!
You kill the scorpion!
Your Slings skill increases to level 6!
You see here a scorpion corpse.
You start resting.
You start resting.
HP restored.
d - 8 potions of might (gained 2)
You pick up a book of Alchemy and begin reading...
You add the spells Sublimation of Blood, Petrify and Irradiate to your library.
D - the amulet of Ajoep {Spirit Dex+2 Slay+4}
There are no items here.
You start putting on your amulet.
You continue putting on the amulet of Ajoep {Spirit Dex+2 Slay+4}. x5
You finish putting on the amulet of Ajoep {Spirit Dex+2 Slay+4}.
You feel your power drawn to a protective spirit.
You feel agile.
D - the amulet of Ajoep (around neck) {Spirit Dex+2 Slay+4} Unknown command.
Are you sure you want to abandon this character and quit the game? (Confirm with "yes".)

▓▓▓▓▓▓▓▓▓▓▓▓▓
▓.8©8.▓.8©8.▓
▓.....▓.....▓
▓.....▓.).|.▓
▓..@..▓)....▓
▓.....▓.))..▓
▓.†††.▓..©..▓
▓..©..▓▓▓▓▓▓▓
▓▓▓▓▓▓▓


There were no monsters in sight!

Vanquished Creatures
  An ironbound thunderhulk (D)
  A vault sentinel (D)
  A tarantella (D)
  2 scorpions (D)
5 creatures vanquished.

Notes
Turn   | Place    | Note
-------+----------+-------------------------------------------
     0 | D        | dolemite99 the Minotaur Fighter began the quest for the
                  | Orb.
     0 | D        | Reached XP level 1. HP: 19/19 MP: 0/0
     0 | D        | Found a blossoming altar of Fedhas.
     0 | D        | Found the +6 Majin-Bo {vamp, MP+6 Int+6}
     0 | D        | Found the +9 heavy crossbow "Sniper" {vorpal, Acc+∞ SInv}
     0 | D        | Found the +10 dark maul {vorpal}
     0 | D        | Found the +15 Maxwell's patent armour {-Cast -Tele rElec
                  | Will+ rCorr}
     0 | D        | Found the +18 shield of the Gong {rElec rN+ Will+ EV-5}
     0 | D        | Found the +14 obsidian axe {vorpal, Mesm Drain Fly SInv}
     0 | D        | Found the +7 great mace "Firestarter" {inner flame, rF++}
     0 | D        | Found the +6 shillelagh "Devastator" {shatter}
     0 | D        | Found the +11 plutonium sword {Contam Stlth-}
     0 | D        | Found the +8 lance "Wyrmbane" {slay drac, rPois rF+ rC+
                  | AC+3}
     0 | D        | Found the +9 sword of Zonguldrok {reap}
     0 | D        | Found the +13 scythe of Curses {drain, Drain}
     0 | D        | Found the +5 sword of Power {vorpal}
     0 | D        | Found the +7 mace of Variability {chain chaos}
     0 | D        | Found the +7 Singing Sword {vorpal, sonic wave}
     0 | D        | Found the +8 storm bow {elec, penet}
     1 | D        | Found a viscous altar of Jiyva.
     1 | D        | Found a hazy altar of Hepliaklqana.
     1 | D        | Found a transporter.
     1 | D        | Found an opulent altar of Gozag.
     1 | D        | Found an ancient bone altar of Kikubaaqudgha.
     1 | D        | Found a corrupted altar of Lugonu.
    49 | D        | Found a burning altar of Makhleb.
    50 | D        | Found a sacrificial altar of Ru.
    50 | D        | Found a shimmering blue altar of Sif Muna.
    50 | D        | Found a stormy altar of Qazlal.
    50 | D        | Found a bloodstained altar of Trog.
    50 | D        | Found an iron altar of Okawaru.
    50 | D        | Found a sparkling altar of Nemelex Xobeh.
    54 | D        | Reached skill level 9 in Axes
    54 | D        | Reached XP level 2. HP: 26/26 MP: 1/1
   139 | D        | Entered arena 2.
   139 | D        | Noticed a vault sentinel
   139 | D        | Noticed an ironbound thunderhulk
   139 | D        | Found a transporter.
   149 | D        | Killed an ironbound thunderhulk
   150 | D        | Reached skill level 18 in Axes
   150 | D        | Reached XP level 3. HP: 16/31 MP: 2/2
   150 | D        | Reached XP level 4. HP: 21/39 MP: 3/3
   150 | D        | Reached XP level 5. HP: 24/45 MP: 4/4
   150 | D        | Reached XP level 6. HP: 28/51 MP: 5/5
   150 | D        | Reached XP level 7. HP: 31/57 MP: 6/6
   156 | D        | Killed a vault sentinel
   157 | D        | Reached skill level 19 in Axes
   157 | D        | Reached XP level 8. HP: 36/64 MP: 7/7
   473 | D        | Entered arena 3.
   473 | D        | Found a transporter.
   486 | D        | Reached skill level 5 in Slings
   672 | D        | Got the amulet of Ajoep {Spirit Dex+2 Slay+4}
   680 | D        | Quit the game

Illustrated notes

Levels and vault maps discovered:
D:        sprint_v [room_start, room_1, room_2, room_3, room_4, room_5, room_6,
          room_7, room_8, room_9, room_10, room_11, room_12, room_13, room_14,
          room_15, room_16, room_17, room_18, room_19, room_20, room_21,
          room_22, room_23, room_24, room_25, room_26, room_27]

Skill      XL: |  1  2  3  4  5  6  7  8 |
---------------+-------------------------+-----
Axes           | 9 18 19 | 19.3
Slings         | 6 |  6.1
Fighting       | |  3.6
Armour         | |  3.6
Shields        | |  3.6

Action                   |  1- 3 |  4- 6 |  7- 9 || total
-------------------------+-------+-------+-------++-------
Melee: Broad axe         |     8 |       |    15 ||    23
       Headbutt          |     1 |       |       ||     1
       War axe           |       |       |     3 ||     3
 Fire: Fustibalus        |       |       |     1 ||     1
  Use: Potion            |     3 |       |       ||     3
Armor: Gold dragon scale |     1 |       |     5 ||     6
Dodge: Dodged            |     1 |       |       ||     1
Block: Kite shield       |     6 |       |    15 ||    21

Table legend: (Time is in decaauts)
 A = Elapsed time spent in this place.
 B = Non-inter-level travel time spent in this place.
 C = Inter-level travel time spent in this place.
 D = Time resting spent in this place.
 E = Time spent auto-exploring this place.
 F = Levels seen in this place.
 G = Mean time per level.
                   A        B        C        D        E       F      G
               +--------+--------+--------+--------+--------+-----+--------+
         Total |    683 |    683 |      0 |    469 |      0 |   1 |  683.0 |
       Dungeon |    683 |    683 |      0 |    469 |      0 |   1 |  683.0 |
               +--------+--------+--------+--------+--------+-----+--------+

Top non-repeatable levels by time:
       D: 683 daAuts
